| TOP OF THE 1ST |
|
Atlanta (MID) Braves batting - Pitching for Fort Wayne TinCaps : LHP Juan Lopez
|
|
Pitching: LHP Juan Lopez
|
|
|
Batting: RHB Zheng-ze King
|
0-0: Ball 1-0: Ground out 6-3 (Groundball, 6, EV 100.0 MPH)
|
|
Batting: RHB Toki Takeuchi
|
0-0: Called Strike 0-1: Called Strike 0-2: Ball 1-2: SINGLE (Groundball, 6MS, EV 62.5 MPH) (infield hit)
|
|
Batting: SHB Richello Badua
|
0-0: Fly out, F6 (Flyball, 5D, EV 83.1 MPH)
|
|
Batting: RHB Josh McCormick
|
0-0: Ball 1-0: Ball Toki Takeuchi steals 2nd base 2-0: Called Strike 2-1: Foul Ball, location: 2F 2-2: Fly out, F8 (Flyball, 8RM, EV 87.5 MPH)
|
| Top of the 1st over - 0 runs, 1 hit, 0 errors, 1 left on base; Atlanta (MID) 0 - Fort Wayne 0 |
| BOTTOM OF THE 1ST |
|
Fort Wayne TinCaps batting - Pitching for Atlanta (MID) Braves : RHP Jeremy Hurley
|
|
Pitching: RHP Jeremy Hurley
|
|
|
Batting: SHB Detlef Oursler
|
0-0: Ball 1-0: SINGLE (Groundball, 4M, EV 80.0 MPH) (infield hit)
|
|
Batting: LHB Tony Contreras
|
0-0: Called Strike 0-1: Ball 1-1: Ball 2-1: Fielders Choice at 2nd, 6-4 (Groundball, 56, EV 105.0 MPH)
|
|
Batting: RHB Dave Cordero
|
0-0: Called Strike Tony Contreras steals 2nd base 0-1: Ball 1-1: Called Strike 1-2: Strikes out swinging
|
|
Batting: LHB Sean Trueblood
|
0-0: Called Strike 0-1: Swinging Strike 0-2: Fly out, F8 (Flyball, 8RM, EV 91.9 MPH)
|
| Bottom of the 1st over - 0 runs, 1 hit, 0 errors, 1 left on base; Atlanta (MID) 0 - Fort Wayne 0 |
| TOP OF THE 2ND |
|
Atlanta (MID) Braves batting - Pitching for Fort Wayne TinCaps : LHP Juan Lopez
|
|
Batting: LHB Oke Monti
|
0-0: Called Strike 0-1: Ball 1-1: Swinging Strike 1-2: Foul Ball, location: 2F 1-2: Ball 2-2: Foul Ball, location: 2F 2-2: Foul Ball, location: 2F 2-2: Strikes out swinging
|
|
Batting: RHB Nick Holsinger
|
0-0: Called Strike 0-1: Foul Ball, location: 2F 0-2: Strikes out swinging
|
|
Batting: RHB Badr al Din Ridha
|
0-0: Ball 1-0: Swinging Strike 1-1: Reached on error, E4 (Groundball, 4MS, EV 93.1 MPH)
|
|
Batting: RHB Phil Holman
|
0-0: Called Strike Badr al Din Ridha is caught stealing 2nd base 2-4
|
| Top of the 2nd over - 0 runs, 0 hits, 1 error, 0 left on base; Atlanta (MID) 0 - Fort Wayne 0 |
| BOTTOM OF THE 2ND |
|
Fort Wayne TinCaps batting - Pitching for Atlanta (MID) Braves : RHP Jeremy Hurley
|
|
Batting: LHB Justin Alworth
|
0-0: Foul Ball, location: 2F 0-1: Swinging Strike 0-2: Foul Ball, location: 2F 0-2: Strikes out swinging
|
|
Batting: RHB Adrian Cook
|
0-0: Ball 1-0: Foul Ball, location: 2F 1-1: Foul Ball, location: 2F 1-2: Foul Ball, location: 2F 1-2: Ball 2-2: Ball 3-2: Foul Ball, location: 2F 3-2: Fly out, F9 (Line Drive, 9, EV 98.1 MPH)
|
|
Batting: LHB Ryan Anderson
|
0-0: Ground out 6-3 (Groundball, 6, EV 93.8 MPH)
|
| Bottom of the 2nd over - 0 runs, 0 hits, 0 errors, 0 left on base; Atlanta (MID) 0 - Fort Wayne 0 |
| TOP OF THE 3RD |
|
Atlanta (MID) Braves batting - Pitching for Fort Wayne TinCaps : LHP Juan Lopez
|
|
Batting: RHB Phil Holman
|
0-0: Foul Ball, location: 2F 0-1: Ball 1-1: Ball 2-1: Ground out U3 (Groundball, 13, EV 91.2 MPH)
|
|
Batting: LHB Joe Phillips
|
0-0: SINGLE (Groundball, 6D, EV 95.6 MPH)
|
|
Batting: RHB Zheng-ze King
|
0-0: Ball 1-0: Foul Ball, location: 2F 1-1: Ball 2-1: Foul Ball, location: 2F 2-2: SINGLE (Line Drive, 89S, EV 89.4 MPH) Joe Phillips to second
|
|
Batting: RHB Toki Takeuchi
|
0-0: Ball 1-0: Ball 2-0: Ball 3-0: Called Strike 3-1: Grounds into double play, 6-4-3 (Groundball, 6, EV 104.4 MPH)
|
| Top of the 3rd over - 0 runs, 2 hits, 0 errors, 1 left on base; Atlanta (MID) 0 - Fort Wayne 0 |
| BOTTOM OF THE 3RD |
|
Fort Wayne TinCaps batting - Pitching for Atlanta (MID) Braves : RHP Jeremy Hurley
|
|
Batting: RHB Danny Gallegos
|
0-0: Ball 1-0: Foul Ball, location: 2F 1-1: Ball 2-1: Foul Ball, location: 2F 2-2: Foul Ball, location: 2F 2-2: Ball 3-2: Base on Balls
|
|
Batting: RHB Ricky Trejo
|
0-0: Called Strike 0-1: Ball 1-1: Called Strike 1-2: Ball 2-2: Ball 3-2: Grounds into double play, 6-4-3 (Groundball, 6, EV 88.8 MPH)
|
|
Batting: SHB Detlef Oursler
|
0-0: Swinging Strike 0-1: Foul Ball, location: 2F 0-2: Ball 1-2: Ball 2-2: Strikes out looking
|
| Bottom of the 3rd over - 0 runs, 0 hits, 0 errors, 0 left on base; Atlanta (MID) 0 - Fort Wayne 0 |
| TOP OF THE 4TH |
|
Atlanta (MID) Braves batting - Pitching for Fort Wayne TinCaps : LHP Juan Lopez
|
|
Batting: SHB Richello Badua
|
0-0: Called Strike 0-1: Ball 1-1: Swinging Strike 1-2: Strikes out swinging
|
|
Batting: RHB Josh McCormick
|
0-0: Ground out 6-3 (Groundball, 6, EV 83.1 MPH)
|
|
Batting: LHB Oke Monti
|
0-0: Called Strike 0-1: Ball 1-1: Called Strike 1-2: Foul Ball, location: 2F 1-2: Strikes out swinging
|
| Top of the 4th over - 0 runs, 0 hits, 0 errors, 0 left on base; Atlanta (MID) 0 - Fort Wayne 0 |
| BOTTOM OF THE 4TH |
|
Fort Wayne TinCaps batting - Pitching for Atlanta (MID) Braves : RHP Jeremy Hurley
|
|
Batting: LHB Tony Contreras
|
0-0: Ball 1-0: Called Strike 1-1: Ball 2-1: Foul Ball, location: 2F 2-2: Strikes out swinging
|
|
Batting: RHB Dave Cordero
|
0-0: Ball 1-0: Ball 2-0: Fly out, F9 (Flyball, 9LM, EV 80.6 MPH)
|
|
Batting: LHB Sean Trueblood
|
0-0: Foul Ball, location: 2F 0-1: Foul Ball, location: 2F 0-2: Ground out U3 (Groundball, 34, EV 106.2 MPH)
|
| Bottom of the 4th over - 0 runs, 0 hits, 0 errors, 0 left on base; Atlanta (MID) 0 - Fort Wayne 0 |
| TOP OF THE 5TH |
|
Atlanta (MID) Braves batting - Pitching for Fort Wayne TinCaps : LHP Juan Lopez
|
|
Batting: RHB Nick Holsinger
|
0-0: Called Strike 0-1: Foul Ball, location: 2F 0-2: SINGLE (Groundball, P, EV 79.4 MPH) (infield hit)
|
|
Batting: RHB Badr al Din Ridha
|
0-0: Called Strike 0-1: Ball 1-1: Ball 2-1: Ball 3-1: Base on Balls Nick Holsinger to second
|
|
Batting: RHB Phil Holman
|
0-0: Called Strike 0-1: Called Strike 0-2: Ball 1-2: DOUBLE (Line Drive, 89M, EV 100.6 MPH) Nick Holsinger scores Badr al Din Ridha to third
|
|
Batting: LHB Joe Phillips
|
0-0: Ground out 3-1 (Groundball, 34, EV 91.2 MPH) Badr al Din Ridha scores Phil Holman to third
|
|
Batting: RHB Zheng-ze King
|
0-0: Fly out, F8 (Flyball, 8LD, EV 95.6 MPH) Runner from 3rd tags up, OUT at HOME! 8-2
|
| Top of the 5th over - 2 runs, 2 hits, 0 errors, 0 left on base; Atlanta (MID) 2 - Fort Wayne 0 |
| BOTTOM OF THE 5TH |
|
Fort Wayne TinCaps batting - Pitching for Atlanta (MID) Braves : RHP Jeremy Hurley
|
|
Batting: LHB Justin Alworth
|
0-0: Ball 1-0: Called Strike 1-1: Ball 2-1: Swinging Strike 2-2: Ground out 4-3 (Groundball, 4D, EV 101.2 MPH)
|
|
Batting: RHB Adrian Cook
|
0-0: Called Strike 0-1: Swinging Strike 0-2: Strikes out looking
|
|
Batting: LHB Ryan Anderson
|
0-0: Called Strike 0-1: Ball 1-1: Ground out 4-3 (Groundball, 4M, EV 82.5 MPH)
|
| Bottom of the 5th over - 0 runs, 0 hits, 0 errors, 0 left on base; Atlanta (MID) 2 - Fort Wayne 0 |
| TOP OF THE 6TH |
|
Atlanta (MID) Braves batting - Pitching for Fort Wayne TinCaps : LHP Juan Lopez
|
|
Batting: RHB Toki Takeuchi
|
0-0: Called Strike 0-1: Ball 1-1: Foul Ball, location: 2F 1-2: Ball 2-2: Ball 3-2: Foul Ball, location: 2F 3-2: Foul Ball, location: 2F 3-2: Ground out 6-3 (Groundball, 6M, EV 105.0 MPH)
|
|
Batting: SHB Richello Badua
|
0-0: Swinging Strike 0-1: Swinging Strike 0-2: Strikes out looking
|
|
Batting: RHB Josh McCormick
|
0-0: Ball 1-0: SINGLE (Line Drive, 4MD, EV 102.5 MPH)
|
|
Batting: LHB Oke Monti
|
0-0: Foul Ball, location: 2F 0-1: Ball 1-1: Foul Ball, location: 2F 1-2: Foul Ball, location: 2F 1-2: Strikes out swinging
|
| Top of the 6th over - 0 runs, 1 hit, 0 errors, 1 left on base; Atlanta (MID) 2 - Fort Wayne 0 |
| BOTTOM OF THE 6TH |
|
Fort Wayne TinCaps batting - Pitching for Atlanta (MID) Braves : RHP Jeremy Hurley
|
|
Batting: RHB Danny Gallegos
|
0-0: Ball 1-0: SINGLE (Groundball, 5S, EV 70.6 MPH) (infield hit)
|
|
Batting: RHB Ricky Trejo
|
0-0: Ball 1-0: Foul Ball, location: 2F 1-1: Ball 2-1: TRIPLE (Line Drive, 89XD, EV 113.8 MPH) Danny Gallegos scores
|
|
Batting: SHB Detlef Oursler
|
0-0: Foul Ball, location: 2F 0-1: Ball 1-1: Ball 2-1: Ball 3-1: Base on Balls
|
|
Batting: LHB Tony Contreras
|
0-0: Ball 1-0: Swinging Strike 1-1: Ball 2-1: SINGLE (Groundball, 6D, EV 101.2 MPH) Ricky Trejo scores Detlef Oursler to second
|
|
Batting: RHB Dave Cordero
|
0-0: Foul Ball, location: 2F 0-1: 3-RUN HOME RUN (Flyball, 7D, EV 93.8 MPH), Distance : 380 ft
|
|
Pitching: RHP Jessie Mattei
|
|
|
Batting: LHB Sean Trueblood
|
0-0: Called Strike 0-1: Foul Ball, location: 2F 0-2: Ball 1-2: Ball 2-2: Foul Ball, location: 2F 2-2: Ground out U3 (Groundball, 34S, EV 79.4 MPH)
|
|
Batting: LHB Justin Alworth
|
0-0: Ball 1-0: Called Strike 1-1: Swinging Strike 1-2: Strikes out swinging
|
|
Batting: RHB Adrian Cook
|
0-0: Called Strike 0-1: Ball 1-1: Ball 2-1: Foul Ball, location: 2F 2-2: Strikes out looking
|
| Bottom of the 6th over - 5 runs, 4 hits, 0 errors, 0 left on base; Atlanta (MID) 2 - Fort Wayne 5 |
| TOP OF THE 7TH |
|
Atlanta (MID) Braves batting - Pitching for Fort Wayne TinCaps : LHP Juan Lopez
|
|
Batting: RHB Nick Holsinger
|
0-0: Ball 1-0: Called Strike 1-1: Ball 2-1: Called Strike 2-2: Strikes out swinging
|
|
Pitching: RHP Jose Ramos
|
|
|
Batting: RHB Badr al Din Ridha
|
0-0: Ball 1-0: Called Strike 1-1: Ball 2-1: Swinging Strike 2-2: Foul Ball, location: 2F 2-2: Ball 3-2: Strikes out swinging
|
|
Batting: RHB Phil Holman
|
0-0: Called Strike 0-1: Ball 1-1: Foul Ball, location: 2F 1-2: Strikes out swinging
|
| Top of the 7th over - 0 runs, 0 hits, 0 errors, 0 left on base; Atlanta (MID) 2 - Fort Wayne 5 |
| BOTTOM OF THE 7TH |
|
Fort Wayne TinCaps batting - Pitching for Atlanta (MID) Braves : RHP Jessie Mattei
|
|
Pitching: RHP Jeremy Armstrong
|
|
|
Batting: LHB Ryan Anderson
|
0-0: Foul Ball, location: 2F 0-1: Ball 1-1: Foul Ball, location: 2F 1-2: Ball 2-2: Foul Ball, location: 2F 2-2: SINGLE (Groundball, 34D, EV 105.6 MPH)
|
|
Batting: RHB Danny Gallegos
|
0-0: Grounds into double play, 5-4-3 (Groundball, 56, EV 94.4 MPH)
|
|
Batting: RHB Ricky Trejo
|
0-0: Ball 1-0: SINGLE (Groundball, 4MD, EV 99.4 MPH)
|
|
Batting: SHB Detlef Oursler
|
0-0: Fly out, F8 (Flyball, 78S, EV 78.8 MPH)
|
| Bottom of the 7th over - 0 runs, 2 hits, 0 errors, 1 left on base; Atlanta (MID) 2 - Fort Wayne 5 |
| TOP OF THE 8TH |
|
Atlanta (MID) Braves batting - Pitching for Fort Wayne TinCaps : RHP Jose Ramos
|
|
Pitching: RHP Ching Ge
|
|
|
Batting: LHB Joe Phillips
|
0-0: Called Strike 0-1: SINGLE (Groundball, P, EV 86.9 MPH) (infield hit)
|
|
Batting: RHB Zheng-ze King
|
0-0: Called Strike 0-1: Ball 1-1: Fly out, F8 (Flyball, 8RXD, EV 89.4 MPH)
|
|
Pinch Hitting: LHB Ryan Murdock
|
0-0: SINGLE (Groundball, 56D, EV 98.8 MPH) Joe Phillips to second
|
|
Batting: SHB Richello Badua
|
0-0: Called Strike 0-1: Ball 1-1: Fielders Choice at 2nd, 5-4 (Groundball, 56, EV 81.2 MPH) Joe Phillips to third
|
|
Batting: RHB Josh McCormick
|
0-0: Foul Ball, location: 2F 0-1: Ball 1-1: Called Strike 1-2: Ball 2-2: Ball 3-2: Strikes out looking
|
| Top of the 8th over - 0 runs, 2 hits, 0 errors, 2 left on base; Atlanta (MID) 2 - Fort Wayne 5 |
| BOTTOM OF THE 8TH |
|
Fort Wayne TinCaps batting - Pitching for Atlanta (MID) Braves : RHP Jeremy Armstrong
|
|
Now in LF: Ryan Murdock
|
|
|
Now in CF: Badr al Din Ridha
|
|
|
Batting: LHB Tony Contreras
|
0-0: Ball 1-0: Ball 2-0: DOUBLE (Line Drive, 78D, EV 105.0 MPH)
|
|
Batting: RHB Dave Cordero
|
0-0: 2-RUN HOME RUN (Flyball, 8LXD, EV 115.6 MPH), Distance : 465 ft
|
|
Batting: LHB Sean Trueblood
|
0-0: Ball 1-0: Ball 2-0: Called Strike 2-1: Fly out, F7 (Flyball, 78S, EV 88.1 MPH)
|
|
Batting: LHB Justin Alworth
|
0-0: Ball 1-0: Ball 2-0: Foul Ball, location: 2F 2-1: Foul Ball, location: 2F 2-2: Ball 3-2: Foul Ball, location: 2F 3-2: Ground out 6-3 (Groundball, 6, EV 86.2 MPH)
|
|
Batting: RHB Adrian Cook
|
0-0: Ball 1-0: Called Strike 1-1: Ball 2-1: Called Strike 2-2: Ground out 4-3 (Groundball, 4S, EV 66.9 MPH)
|
| Bottom of the 8th over - 2 runs, 2 hits, 0 errors, 0 left on base; Atlanta (MID) 2 - Fort Wayne 7 |
| TOP OF THE 9TH |
|
Atlanta (MID) Braves batting - Pitching for Fort Wayne TinCaps : RHP Ching Ge
|
|
Batting: LHB Oke Monti
|
0-0: Ball 1-0: Swinging Strike 1-1: Ball 2-1: Ball 3-1: DOUBLE (Line Drive, 78D, EV 100.6 MPH)
|
|
Batting: RHB Nick Holsinger
|
0-0: Ball Passed Ball! Oke Monti to third 1-0: Ball 2-0: Called Strike 2-1: Called Strike 2-2: Ground out 5-3 (Groundball, 5L, EV 101.2 MPH)
|
|
Batting: RHB Badr al Din Ridha
|
0-0: Ball 1-0: Called Strike 1-1: Called Strike 1-2: Foul Ball, location: 2F 1-2: Strikes out swinging
|
|
Batting: RHB Phil Holman
|
0-0: Called Strike 0-1: Foul Ball, location: 2F 0-2: Strikes out swinging, 2-3 out at first.
|
| Top of the 9th over - 0 runs, 1 hit, 0 errors, 1 left on base; Atlanta (MID) 2 - Fort Wayne 7 |
|